 Dungeon Crawl Stone Soup version bcrawl-1.13-2-g5ca86534bc (webtiles) character file.

Game seed: 6410212418842810795

60340 Chiseanne the Archer (level 14, -2/83 HPs)
             Began as an Octopode Archaeologist on July 29, 2019.
             Hit by a tomahawk thrown by a merfolk (6 damage)
             ... on level 2 of the Shoals on July 30, 2019.
             The game lasted 01:22:22 (19027 turns).

Chiseanne the Archer (Octopode Archaeologist)      Turns: 19027, Time: 01:22:23

Health: -2/83      AC:  9    Str: 11    XL:     14   Next: 99%
Magic:  0/47       EV: 33    Int: 16    God:
Gold:   2231       SH:  0    Dex: 20    Spells: 6/35 levels left

rFire    + + .     SeeInvis .   w - +8 storm bow {lightning rElec Stlth-}
rCold    + + .     Gourm    .   (shield currently unavailable)
rNeg     + . .     Faith    .   b - +2 hat
rPois    .         Spirit   +   H - scarf {rC+ rF+}
rElec    +         Reflect  .   C - amulet of guardian spirit
rCorr    .         Harm     .   l - ring of wizardry
MR       +....                  n - ring of protection from cold
Stlth    +++++.....             A - +4 ring of evasion
HPRegen  0.23/turn              M - ring of positive energy
MPRegen  0.30/turn              P - ring of magical power
                                o - ring of protection from fire
                                U - +6 ring of protection
                                X - ring of magical power

@: agile
A: almost no armour, stealthy swim, amphibious, 8 rings, constrict 8, camouflage
1, gelatinous body 1
a: no special abilities


You were on level 2 of the Shoals.
You were not hungry.

You visited 4 branches of the dungeon, and saw 20 of its levels.
You also visited: Sewer and Bailey.

You collected 2244 gold pieces.
You spent 13 gold pieces at shops.

Inventory:

Hand Weapons
 a - the +7 flail of Dust {venom, rPois Str+5 Int-2}
   (You found it on level 5 of the Dungeon)

   It poisons the flesh of those it strikes.
   It affects your strength (+5).
   It affects your intelligence (-2).
   It protects you from poison.
 d - the +8 halberd of the Hummingbird {chop, +Fly rElec rF+ SInv}
   (You found it on level 8 of the Dungeon)

   It inflicts extra damage upon your enemies.
   It protects you from fire.
   It insulates you from electricity.
   It lets you see invisible.
   It lets you fly.
 s - the +7 hand axe of Wuhiusi {chop, Int+3}
   (You found it on level 4 of the Dungeon)

   It inflicts extra damage upon your enemies.
   It affects your intelligence (+3).
 w - the +8 storm bow (weapon) {lightning rElec Stlth-}

   It insulates you from electricity.
   It makes you less stealthy.
 y - a +5 dire flail of protection
 W - a +0 eveningstar of holy wrath
Missiles
 j - 1360 arrows (quivered)
 k - 7 throwing nets {!f}
 m - 1377 sling bullets
 r - 901 bolts
 D - 239 poisoned tomahawks
Armour
 b - a +2 hat (worn)
 H - a scarf of resistance (worn)
Magical Staves
 E - an uncursed staff of poison
Jewellery
 l - a ring of wizardry (left tentacle)
 n - a ring of protection from cold (right tentacle)
 o - a ring of protection from fire (on tentacle)
 p - an uncursed amulet of magic regeneration
 q - an uncursed ring of resist corrosion
 v - a +5 amulet of reflection
 A - a +4 ring of evasion (on tentacle)
 C - an amulet of guardian spirit (around mantle)
 M - a ring of positive energy (on tentacle)
 P - a ring of magical power (on tentacle)
 U - a +6 ring of protection (on tentacle)
 X - a ring of magical power (on tentacle)
Wands
 K - a wand of digging (11)
 N - a wand of paralysis (9)
 V - a wand of enslavement (12)
Scrolls
 c - 9 scrolls of remove curse
 h - 8 scrolls of teleportation
 t - 4 scrolls of vulnerability
 Q - a scroll of fog
 S - a scroll of amnesia
 Z - 2 scrolls of silence
Potions
 e - 7 potions of flight
 g - a potion of magic
 u - 4 potions of lignification {unknown}
 F - 2 potions of resistance
 I - 2 potions of brilliance
 R - a potion of berserk rage
 T - a potion of agility
Miscellaneous
 i - a fan of gales
Comestibles
 f - 31 rations {!d}
 B - 2 chunks of flesh


   Skills:
 - Level 3.0 Fighting
 - Level 1.0 Maces & Flails
 - Level 14.0 Bows
 - Level 12.4 Dodging
 - Level 4.5 Stealth
 - Level 11.2 Spellcasting
 - Level 9.7 Hexes
 * Level 2.7 Charms
 - Level 2.9 Transmutations
 - Level 5.8 Fire Magic
 * Level 2.7 Air Magic
 - Level 7.0 Poison Magic


You had 6 spell levels left.
You knew the following spells:

 Your Spells              Type           Power        Failure   Level  Hunger
a - Corona                Hex            #####..      1%          1    None
b - Confuse               Hex            #####...     1%          3    None
c - Inner Flame           Hex/Fire       N/A          1%          3    None
d - Tukima's Dance        Hex            #####...     1%          3    None
e - Cause Fear            Hex            #####.....   1%          4    ###....
f - Shackle               Hex            #####...     1%          2    None
g - Olgreb's Toxic Radia  Pois           ####....     1%          4    ###....
h - Ignite Poison         Fire/Tmut/Pois ####....     1%          3    None
i - Deflect Missiles      Chrm/Air       ###.......   82%         6    ######.

Your spell library contained the following spells:

 Spells                   Type           Power        Failure   Level  Hunger
 Infusion                 Chrm           ###.....     1%          1    None
 Slow                     Hex            #####...     1%          1    None
 Sting                    Conj/Pois      ###.         1%          1    None
 Ensorcelled Hibernation  Hex/Ice        ###...       1%          2    None
 Poisonous Vapours        Pois/Air       ###...       1%          2    None
 Dazzling Spray           Conj/Hex       ###...       1%          3    None
 False Image              Hex/Summ       ###.....     1%          3    None
 Yara's Violent Unravell  Hex/Tmut       ####......   2%          4    ###....
 Apportation              Tloc           #.....       3%          1    None
 Sandblast                Erth           #.....       3%          1    None
 Summon Butterflies       Summ           #.......     3%          1    None
 Silence                  Hex/Air        ####......   7%          5    #####..
 Summon Scorpions         Summ/Pois      ###.....     8%          4    ###....
 Venom Bolt               Conj/Pois      ###.......   21%         5    #####..
 Summon Lightning Spire   Summ/Air       ##......     43%         5    #####..
 Conjure Ball Lightning   Conj/Air       ##........   93%         6    ######.
 Tornado                  Air            ###.......   100%        9    #######


Dungeon Overview and Level Annotations

Branches:
Dungeon (11/12)            Temple (1/1) D:5            Lair (6/6) D:10
 Shoals (2/3) Lair:4       Spider (0/3) Lair:3        Slime (0/5) Lair:5
    Orc (0/1) D:10
 Vaults: D:11-12

Altars:
Ashenzari
Cheibriados
Dithmenos
Elyvilon
Fedhas
Hepliaklqana
Kikubaaqudgha
Lugonu
Makhleb
Nemelex Xobeh
Okawaru
Qazlal
Ru
Sif Muna
Trog
Uskayaw
Vehumet
Wu Jian
Xom
Yredelemnul
Zin
The Shining One
Jiyva

Shops:
D:6 !   D:9 *

Portals:
Ice
Cave: D:11

Annotations:
Lair:3 2 runed translucent doors, Feulaj's ghost, journeyman MiBe
Shoals:1 exclusion: door


Innate Abilities, Weirdness & Mutations

You cannot wear most types of armour.
You are very stealthy in the water. (Stealth+)
You are amphibious.
You can wear up to eight rings at the same time.
You can use your tentacles to constrict eight enemies at once.
Your skin changes colour to match your surroundings (Stealth+).
Your rubbery body absorbs attacks. (AC +1, EV +1)


Message History

You are more poisoned.
You feel better.
The merfolk throws a tomahawk.
The tomahawk completely misses your merfolk impaler.
The tomahawk barely misses you.
The merfolk throws a poisoned tomahawk.
The poisoned tomahawk completely misses you.
You feel agile all of a sudden.
The merfolk throws a poisoned tomahawk.
The poisoned tomahawk hits you!
* * * LOW HITPOINT WARNING * * *
You are lethally poisoned!
You feel better.
The merfolk throws a tomahawk.
The tomahawk misses your merfolk impaler.
The tomahawk hits you!
* * * LOW HITPOINT WARNING * * *
The merfolk javelineer hits the merfolk but does no damage.
The merfolk throws a poisoned tomahawk.
The poisoned tomahawk barely misses you.
The merfolk throws a tomahawk.
The tomahawk barely misses your merfolk impaler.
The tomahawk hits you.
You die...

≈≈≈≈≈≈
≈≈≈≈≈≈≈≈≈≈≈≈≈≈≈≈≈≈≈≈≈≈≈≈
≈≈≈≈≈≈≈≈≈≈≈≈≈≈≈≈≈≈≈≈≈≈≈≈
≈≈≈≈≈≈≈≈≈≈≈≈≈≈≈≈≈≈≈≈≈≈≈≈
≈≈≈≈≈≈≈≈≈≈≈≈≈≈≈≈≈≈≈≈≈≈≈≈
≈≈≈≈≈≈≈≈≈≈≈≈m≈≈≈≈≈≈≈≈≈≈≈
≈≈≈≈≈≈≈≈≈≈≈m≈≈)≈≈≈≈≈≈≈≈≈
≈≈≈≈≈≈≈≈≈≈≈≈≈≈)≈≈≈≈≈)≈≈≈
≈≈≈≈≈≈≈@m≈≈≈m≈≈≈≈≈≈!≈≈≈≈
≈≈≈≈≈≈≈≈≈≈≈≈≈≈≈≈≈≈≈≈≈≈≈≈
########################


You could see a merfolk javelineer (confused), 2 merfolk and a friendly merfolk
impaler.

Vanquished Creatures
  A kraken (Shoals:1)
  A dire elephant (Lair:6)
  Snorg (Lair:6)
  A merfolk javelineer (Shoals:1)
  7 hydras
  A catoblepas (Lair:6)
  3 merfolk aquamancers
  A satyr (Shoals:2)
  A deep troll shaman (Lair:6)
  4 death yaks (Lair:6)
  Urug (Lair:5)
  7 sea snakes
  A cyclops (Shoals:1)
  An ugly thing (D:7)
  3 manticores
  18 ball lightnings
  A merfolk siren (Shoals:1)
  2 water nymphs
  4 elephants (Lair:6)
  8 cane toads
  5 black mambas
  12 komodo dragons
  2 rime drakes
  A troll (D:10)
  A wind drake (Shoals:2)
  4 jumping spiders (Lair:3)
  A polar bear (Lair:6)
  A hornet (D:7)
  8 merfolk
  3 blink frogs (Lair:6)
  22 dream sheep
  8 hippogriffs
  3 snapping turtles (Shoals:1)
  5 redbacks (Lair:3)
  2 wyverns
  3 water elementals
  34 yaks
  A fire elemental (Lair:4)
  4 basilisks
  A steam dragon (D:9)
  3 hogs (D:7)
  Edmund (D:5)
  An acid dragon (Lair:6)
  8 water moccasins
  4 porcupines
  Duvessa (D:6)
  4 sky beasts
  11 ice beasts
  4 orc warriors
  6 black bears
  20 wolves
  7 centaurs
  2 phantoms
  6 ogres
  19 crocodiles
  A big kobold (Sewer)
  8 bullfrogs
  8 gnoll sergeants (Bailey)
  Dowan (D:6)
  A water moccasin zombie (D:6)
  8 scorpions
  4 wights (D:10)
  8 killer bees
  4 electric eels
  3 crimson imps
  7 gnoll shamans
  13 orc priests
  5 hounds
  5 iguanas
  5 worker ants
  4 orc wizards
  A hound zombie (D:6)
  A hound skeleton (D:4)
  A worker ant zombie (D:7)
  A howler monkey zombie (D:6)
  20 gnolls
  14 adders
  A river rat (Sewer)
  2 shadow imps
  A white imp (D:4)
  2 oozes
  An adder skeleton (D:3)
  3 worms
  4 dart slugs
  6 leopard geckos
  33 orcs
  4 giant cockroaches
  5 goblins
  15 hobgoblins
  10 jackals
  4 quokkas
  3 ball pythons
  3 bats
  3 frilled lizards
  2 goblin skeletons (D:4)
  2 goblin zombies (D:4)
  4 hobgoblin zombies (D:4)
  8 kobolds
  2 orc zombies (D:4)
  7 rats
  7 fungi
  15 plants
  2 tentacles (Shoals:1)
557 creatures vanquished.

Vanquished Creatures (collateral kills)
  2 ball lightnings
  A merfolk (Shoals:2)
3 creatures vanquished.

Vanquished Creatures (others)
  338 ball lightnings
  A komodo dragon (Lair:5)
  A dancing weapon (Shoals:2)
  A human (D:7)
  22 fungi
  8 plants
  4 tentacles (Shoals:1)
375 creatures vanquished.

Grand Total: 935 creatures vanquished

Notes
Turn   | Place    | Note
-------+----------+-------------------------------------------
     0 | D:1      | Chiseanne the Octopode Archaeologist began the quest for
                  | the Orb.
     0 | D:1      | Reached XP level 1. HP: 13/13 MP: 1/1
   282 | D:1      | Reached XP level 2. HP: 19/19 MP: 2/2
   847 | D:2      | Reached XP level 3. HP: 17/26 MP: 3/3
  1093 | D:2      | Reached skill level 1 in Bows
  1189 | D:2      | Reached skill level 2 in Bows
  1456 | D:3      | Reached XP level 4. HP: 28/31 MP: 4/4
  1598 | D:3      | Reached skill level 3 in Bows
  1754 | D:3      | Noticed an ice beast
  1896 | D:3      | Reached skill level 4 in Bows
  1913 | D:3      | Noticed a centaur
  1925 | D:3      | Killed a centaur
  1925 | D:3      | Reached skill level 6 in Bows
  1925 | D:3      | Reached XP level 5. HP: 24/36 MP: 5/5
  2279 | D:3      | Killed an ice beast
  2279 | D:3      | Reached skill level 7 in Bows
  2279 | D:3      | Reached XP level 6. HP: 42/42 MP: 6/6
  3270 | D:4      | Learned a level 1 spell: Corona
  3274 | D:4      | Learned a level 3 spell: Confuse
  3336 | D:4      | Got a bloodstained hand axe
  3376 | D:4      | Reached XP level 7. HP: 46/46 MP: 7/7
  3380 | D:4      | Found a glowing drain.
  3395 | Sewer    | Entered a sewer
  3471 | Sewer    | Reached skill level 1 in Hexes
  3476 | Sewer    | Reached skill level 1 in Spellcasting
  3497 | Sewer    | Found a white marble altar of Elyvilon.
  3576 | D:4      | Found a glowing golden altar of the Shining One.
  3633 | D:5      | Entered Level 5 of the Dungeon
  3850 | D:5      | Found a staircase to the Ecumenical Temple.
  3855 | Temple   | Entered the Ecumenical Temple
  3997 | D:5      | Noticed Edmund
  4003 | D:5      | Killed Edmund
  4003 | D:5      | Reached skill level 8 in Bows
  4171 | D:5      | Reached XP level 8. HP: 52/52 MP: 11/11
  4277 | D:6      | Identified the +7 hand axe of Wuhiusi {chop, Int+3} (You
                  | found it on level 4 of the Dungeon)
  4316 | D:6      | Noticed a hippogriff
  4321 | D:6      | Killed a hippogriff
  4340 | D:6      | Reached skill level 5 in Dodging
  4524 | D:5      | Got a scorched flail
  4536 | D:5      | Identified the +7 flail of Dust {venom, rPois Str+5 Int-2}
                  | (You found it on level 5 of the Dungeon)
  4559 | D:6      | Found a stormy altar of Qazlal.
  4564 | D:6      | Found a sacrificial altar of Ru.
  4573 | D:6      | Found a burning altar of Makhleb.
  4573 | D:6      | Found a glowing silver altar of Zin.
  4573 | D:6      | Found a hide-covered altar of Uskayaw.
  4576 | D:6      | Found a white marble altar of Elyvilon.
  4578 | D:6      | Found an ornate altar of the Wu Jian Council.
  4630 | D:6      | Noticed Duvessa
  4633 | D:6      | Killed Duvessa
  4633 | D:6      | Reached XP level 9. HP: 56/56 MP: 14/14
  4635 | D:6      | Noticed Dowan
  4639 | D:6      | Killed Dowan
  4685 | D:6      | Noticed a ball lightning
  4859 | D:6      | Found Meif's Distillery.
  4861 | D:6      | Found a snail-covered altar of Cheibriados.
  4875 | D:6      | Bought a potion of degeneration for 13 gold pieces
  5078 | D:7      | Reached skill level 9 in Bows
  5120 | D:7      | Noticed a hornet
  5126 | D:7      | Killed a hornet
  5230 | D:7      | Noticed a green ugly thing
  5238 | D:7      | Killed a green ugly thing
  5238 | D:7      | Reached skill level 5 in Hexes
  5900 | D:7      | Reached skill level 5 in Spellcasting
  6335 | D:7      | Noticed a ball lightning
  6342 | D:7      | Reached XP level 10. HP: 54/63 MP: 17/17
  6737 | D:8      | Reached skill level 10 in Bows
  6816 | D:8      | Found a flagged portal.
  6831 | D:8      | Got an ichor-stained halberd
  6834 | Bailey   | Entered a bailey
  7992 | D:9      | Found a snail-covered altar of Cheibriados.
  7995 | D:9      | Found a hazy altar of Hepliaklqana.
  8340 | D:9      | Found Juntuinn's Assorted Antiques.
  8376 | D:9      | Found a corrupted altar of Lugonu.
  8376 | D:9      | Found a shattered altar of Ashenzari.
  8378 | D:9      | Found a shadowy altar of Dithmenos.
  8406 | D:9      | Reached XP level 11. HP: 67/67 MP: 21/21
  8432 | D:9      | Learned a level 3 spell: Inner Flame
  8436 | D:9      | Learned a level 3 spell: Tukima's Dance
  8441 | D:9      | Learned a level 4 spell: Cause Fear
  8659 | D:10     | Entered Level 10 of the Dungeon
  8676 | D:10     | Noticed a manticore
  8695 | D:10     | Killed a manticore
  9042 | D:9      | Upgraded the game from bcrawl-1.13-1-g4ae1fcee6e to
                  | bcrawl-1.13-2-g5ca86534bc
  9399 | D:10     | Reached skill level 11 in Bows
  9570 | D:10     | Found a staircase to the Lair.
  9619 | D:10     | Found a staircase to the Orcish Mines.
 10154 | D:10     | Identified the +8 halberd of the Hummingbird {chop, +Fly
                  | rElec rF+ SInv} (You found it on level 8 of the Dungeon)
 10330 | D:11     | Found a frozen archway.
 10419 | Lair:1   | Entered Level 1 of the Lair of Beasts
 10685 | Lair:1   | Noticed a four-headed hydra
 10691 | Lair:1   | Killed a four-headed hydra
 10718 | Lair:1   | Reached XP level 12. HP: 68/72 MP: 24/24
 11128 | Lair:1   | Reached skill level 10 in Dodging
 11946 | Lair:2   | Reached skill level 12 in Bows
 11953 | Lair:2   | Noticed a seven-headed hydra
 11962 | Lair:2   | Killed a seven-headed hydra
 12393 | Lair:2   | Learned a level 2 spell: Shackle
 12398 | Lair:2   | Learned a level 4 spell: Olgreb's Toxic Radiance
 12402 | Lair:2   | Learned a level 3 spell: Ignite Poison
 12455 | Lair:3   | Reached skill level 1 in Poison Magic
 12476 | Lair:3   | Reached skill level 1 in Transmutations
 12476 | Lair:3   | Reached skill level 1 in Fire Magic
 12481 | Lair:3   | Noticed a seven-headed hydra
 12955 | Lair:3   | Found a hole to the Spider Nest.
 13091 | Lair:3   | Reached XP level 13. HP: 77/77 MP: 20/26
 13243 | Lair:3   | Found a large runed translucent door.
 13243 | Lair:3   | Found a large runed translucent door.
 13243 | Lair:3   | Noticed Feulaj's ghost (journeyman MiBe)
 13508 | Lair:4   | Found a staircase to the Shoals.
 14675 | Lair:5   | Noticed Urug
 14685 | Lair:5   | Killed Urug
 14764 | Lair:5   | Found a staircase to the Slime Pits.
 14765 | Lair:5   | Found a viscous altar of Jiyva.
 15134 | Lair:6   | Entered Level 6 of the Lair of Beasts
 15169 | Lair:6   | Noticed Snorg
 15366 | Lair:6   | Killed Snorg
 15370 | Lair:6   | Reached skill level 5 in Poison Magic
 15463 | Lair:6   | Reached skill level 10 in Spellcasting
 15630 | Lair:6   | Reached skill level 13 in Bows
 15647 | Lair:6   | Reached skill level 5 in Fire Magic
 15821 | Lair:6   | Reached XP level 14. HP: 83/83 MP: 22/28
 16633 | Lair:6   | Noticed a dire elephant
 16646 | Lair:6   | Killed a dire elephant
 17083 | Shoals:1 | Entered Level 1 of the Shoals
 17156 | Shoals:1 | Reached skill level 14 in Bows
 18465 | Shoals:1 | Noticed a kraken
 18476 | Shoals:1 | Killed a kraken
 18496 | Shoals:1 | HP: 4/83 [poisoned by a sea snake]
 18504 | Shoals:1 | HP: 4/83 [poisoned by a sea snake]
 18793 | Shoals:1 | Learned a level 6 spell: Deflect Missiles
 18896 | Shoals:2 | Reached skill level 1 in Charms
 18896 | Shoals:2 | Reached skill level 1 in Air Magic
 19023 | Shoals:2 | HP: 4/83 [merfolk/poisoned tomahawk (8)]
 19027 | Shoals:2 | Hit by a tomahawk thrown by a merfolk

Skill      XL: |  1  2  3  4  5  6  7  8  9 10 11 12 13 14 |
---------------+-------------------------------------------+-----
Fighting       | 2 3 |  3.0
Bows           | 2 6 7 8 9 10 11 12 13 14 | 14.0
Hexes          | 2 4 5 7 8 9 |  9.7
Spellcasting   | 2 3 5 6 8 9 10 11 | 11.2
Dodging        | 4 5 6 8 9 10 11 12 | 12.4
Poison Magic   | 2 6 7 |  7.0
Transmutations | 2 |  2.9
Fire Magic     | 2 5 |  5.8
Charms         | 2 |  2.7
Air Magic      | 2 |  2.7
Maces & Flails | |  1.0
Stealth        | |  4.5

Action                   |  1- 3 |  4- 6 |  7- 9 | 10-12 | 13-15 || total
-------------------------+-------+-------+-------+-------+-------++-------
Melee: Hand axe          |    15 |       |       |       |       ||    15
       Whip              |     4 |       |       |       |       ||     4
       Constrict         |     9 |    12 |     7 |     7 |     6 ||    41
       Tentacles         |     5 |    12 |    10 |     5 |    12 ||    44
       Dagger            |    38 |    61 |    28 |       |       ||   127
       Flail             |       |       |     6 |    36 |    34 ||    76
       Halberd           |       |       |       |       |     1 ||     1
 Fire: Shortbow          |       |    40 |   119 |   413 |   421 ||   993
       Blowgun           |       |       |       |     1 |       ||     1
Throw: Stone             |     4 |       |       |       |       ||     4
       Tomahawk          |       |       |       |     4 |       ||     4
       Throwing net      |       |       |       |     1 |     1 ||     2
 Cast: Corona            |       |       |     2 |     1 |       ||     3
       Confuse           |       |       |     1 |    19 |    66 ||    86
       Olgreb's Toxic Ra |       |       |       |       |     6 ||     6
       Inner Flame       |       |       |       |       |     7 ||     7
       Tukima's Dance    |       |       |       |       |     4 ||     4
       Cause Fear        |       |       |       |       |     3 ||     3
       Shackle           |       |       |       |       |     1 ||     1
Evoke: Fan of gales      |       |       |       |     1 |       ||     1
       Wand              |       |       |       |       |     6 ||     6
       Phantom mirror    |       |       |       |       |     1 ||     1
  Use: Scroll            |     3 |     6 |     4 |    18 |    15 ||    46
       Potion            |       |       |       |     4 |    10 ||    14
 Stab: Sleeping          |    14 |     8 |       |       |     1 ||    23
       Distracted        |       |     1 |       |       |       ||     1
       Invisible         |       |       |       |     2 |       ||     2
       Confused          |       |       |       |     2 |       ||     2
  Eat: Chunk             |     1 |     7 |     8 |    17 |    13 ||    46
       Ration            |       |       |       |     1 |     2 ||     3
Armor: Skin              |     4 |     8 |     4 |     2 |    12 ||    30
Dodge: Dodged            |    35 |    41 |    29 |    82 |   142 ||   329
